 Dungeon Crawl Stone Soup version 0.15.0-14-g6bbbb5c (console) character file.

3385 gw the Cleaver (level 9, -2/82 HPs)
             Began as a Deep Dwarf Fighter on Sept 4, 2014.
             Was a Believer of Makhleb.
             Slain by Duvessa
             ... wielding a +3 cutlass of draining
              (7 damage)
             ... on Level 8 of the Dungeon.
             The game lasted 00:05:40 (7637 turns).

gw the Cleaver (Deep Dwarf Fighter)                 Turns: 7637, Time: 00:05:40

HP  -2/82        AC 11     Str 17 (21) XL: 9   Next: 74%
MP   9/9         EV 10     Int  8      God: Makhleb [**....]
Gold 0           SH  0     Dex 15      Spells:  0 memorised,  8 levels left

rFire  + . .     SeeInvis .     a - +1 war axe
rCold  . . .     Clarity  .     w - +0 ring mail {rF+}
rNeg   . . .     rCorr    .     (no shield)
rPois  .         rRot     .     e - +0 helmet
rElec  .         Spirit   .     (no cloak)
SustAb +         Warding  .     r - +1 pair of gloves
rMut   .         Stasis   .     c - +0 pair of boots
Gourm  .                        (no amulet)
MR     +....                    (no ring)
                                n - ring of sustain abilities

@: lethally poisoned, non-regenerating, drained, somewhat resistant to hostile
enchantments, very unstealthy
A: damage resistance, recharge devices, sense surroundings 2, slow healing 3
a: Device Recharging, Minor Destruction, Renounce Religion


You were on level 8 of the Dungeon.
You worshipped Makhleb.
Makhleb was pleased with you.
You were not hungry.

You visited 2 branches of the dungeon, and saw 9 of its levels.

Inventory:

Hand weapons
 a - a +1 war axe (weapon)
Missiles
 b - a tomahawk (quivered)
 k - 219 stones
Armour
 c - a +0 pair of boots (worn)
 e - a +0 helmet (worn)
 r - a +1 pair of gloves (worn)
 w - a +0 ring mail of fire resistance (worn)
Magical devices
 d - a wand of heal wounds (1)
 s - a wand of draining (4) {unknown}
 t - a wand of fire (4) {unknown}
Comestibles
 f - 6 bread rations
 g - 2 meat rations
 j - 42 fruits
 l - 6 beef jerkies
 m - a slice of pizza
 p - a royal jelly
 u - 2 chunks of orc flesh
Scrolls
 h - a scroll of blinking
 i - 3 scrolls of identify
 o - 3 scrolls of enchant armour
 q - 3 scrolls of remove curse
 v - a scroll of noise
Jewellery
 n - a ring of sustain abilities (left hand)


   Skills:
 + Level 6.2(5.2) Fighting
 * Level 9.7(8.6) Axes
 + Level 5.1(4.1) Throwing
 + Level 7.3(6.3) Armour
   Level 3.2(2.3) Shields
 + Level 3.9(2.9) Invocations


You had 8 spell levels left.
You didn't know any spells.

Dungeon Overview and Level Annotations

Branches:
Dungeon (8/15)             Temple (1/1) D:5
   Lair: D:8-11

Altars:
Ashenzari
Cheibriados
Dithmenos
Elyvilon
Fedhas
Kikubaaqudgha
Makhleb
Nemelex Xobeh
Okawaru
Qazlal
Sif Muna
Trog
Vehumet
Xom
Yredelemnul
Zin
The Shining One

Shops:
D:7 [[=(?

Annotations:
D:7 exclusion: downstairs
D:8 Duvessa; gw's ghost, experienced DDFi


Innate Abilities, Weirdness & Mutations

You are resistant to damage.
You can recharge devices by infusing magical energy.
You passively map the area around you.
You do not heal naturally.


Message History

You are more poisoned.
The killer bee poisons you! The crocodile bites you!
The killer bee barely misses you.
MOVING TO (0,-4)
The killer bee stings you but does no damage.
The crocodile closely misses you.
MOVING TO (0,-3) Duvessa closely misses you.
The killer bee stings you but does no damage.
Duvessa hits you but does no damage.
You feel drained.
MOVING TO (0,-2)
The killer bee stings you.
MOVING TO (0,-1) Gw's ghost turns its malevolent gaze towards you.
Duvessa hits you with a cutlass of draining!
You feel drained. The killer bee stings you.
There is a stone staircase leading up, spattered with blood here.
The killer bee barely misses you.
Duvessa hits you with a cutlass of draining!
You die...

...#####................)., .#
...#.................. %##
#.#..................*
..####...............W.###
(.....................##
#.)...###.............#
#....##........(......###
##.#....#...............##
#......#.......g........###
##..##....#.....ey.........##
#(..##.##..##...t...........##
.[...........................#
.....#.$.#...................#
.............#..............[#
..........P..................#
...P.[.......#...............#
......[......#.##............#


You could see Duvessa (berserk), a crocodile, a killer bee and gw's ghost.

Table legend:
 A = Turns spent in this place as a percentage of turns spent in the entire game.
 B = Non-inter-level travel turns spent in this place as a percentage of non-inter-level travel turns spent in the entire game.
 C = Inter-level travel turns spent in this place as a percentage of turns spent in this place.
 D = Turns resting spent in this place as a percentage of non-inter-level travel turns spent in this place.
 E = Turns spent auto-exploring this place as a percentage of non-inter-level travel turns spent in this place.
 F = Non-inter-level travel turns spent in this place divided by the number of levels of this place that you've seen.
                   A       B       C       D       E      F
               +-------+-------+-------+-------+-------+----------------------
         Total | 100.0 | 100.0 |   2.6 |   0.0 |  14.7 | 282.2
       Dungeon |  98.9 |  98.9 |   2.6 |   0.0 |  14.6 | 314.0
        Temple |   1.1 |   1.1 |   3.4 |   0.0 |  25.0 |  28.0
               +-------+-------+-------+-------+-------+----------------------

Table legend:
 A = Kills in this place as a percentage of kills in entire the game.
 B = Kills by you in this place as a percentage of kills by you in the entire game.
 C = Kills by friends in this place as a percentage of kills by friends in the entire game.
 D = Other kills in this place as a percentage of other kills in the entire game.
 E = Experience gained in this place as a percentage of experience gained in the entire game.
 F = Experience gained in this place divided by the number of levels of this place that you have seen.
                   A       B       C       D       E      F
               +-------+-------+-------+-------+-------+----------------------
         Total | 100.0 | 100.0 |  -nan | 100.0 | 100.0 | 537.3
       Dungeon | 100.0 | 100.0 |  -nan | 100.0 | 100.0 | 604.5
               +-------+-------+-------+-------+-------+----------------------

Vanquished Creatures
  Pikel (D:5)
  A hippogriff (D:7)
  Eustachio (D:4)
  A hungry ghost (D:7)
  A hill giant skeleton (D:8)
  An orc warrior (D:7)
  A necrophage (D:8)
  A slave (D:4)
  4 ogres
  An ice beast (D:6)
  2 crocodiles (D:8)
  2 giant frogs
  3 scorpions
  2 killer bees (D:8)
  5 wights (D:8)
  A giant frog zombie (D:4)
  Dowan (D:8)
  5 crimson imps
  A centaur zombie (D:4)
  2 jellies
  2 iguanas (D:4)
  3 orc priests
  2 hounds
  A quasit (D:4)
  6 orc wizards
  2 worker ants (D:7)
  An ogre skeleton (D:4)
  Terence (D:3)
  A worker ant zombie (D:4)
  3 gnolls (D:4)
  3 green rats (D:4)
  6 adders
  2 shadow imps (D:4)
  2 giant mites
  An inept feature mimic (D:2)
  A white imp (D:4)
  3 worms
  An iguana skeleton (D:7)
  An iguana zombie (D:4)
  6 giant geckos
  2 oozes
  19 orcs
  14 bats
  A bat skeleton (D:4)
  8 giant cockroaches
  15 goblins
  11 hobgoblins
  4 jackals (D:7)
  9 quokkas
  2 ball pythons
  6 giant newts
  A goblin zombie (D:4)
  A jackal zombie (D:4)
  11 kobolds
  A kobold skeleton (D:8)
  An orc zombie (D:4)
  10 rats
  A rat zombie (D:6)
  4 ballistomycetes (D:8)
206 creatures vanquished.

Vanquished Creatures (others)
  A centaur (D:8)
  An adder (D:5)
  An orc (D:5)
  A quokka (D:8)
  A giant spore (D:8)
  A quokka skeleton (D:5)
  A rat (D:5)
7 creatures vanquished.

Grand Total: 213 creatures vanquished

Notes
Turn   | Place    | Note
--------------------------------------------------------------
     0 | D:1      | gw, the Deep Dwarf Fighter, began the quest for the Orb.
     0 | D:1      | Reached XP level 1. HP: 20/20 MP: 1/1
   299 | D:1      | Reached XP level 2. HP: 24/27 MP: 2/2
   897 | D:2      | Reached XP level 3. HP: 29/34 MP: 3/3
  1051 | D:2      | Reached skill level 1 in Throwing
  1740 | D:3      | Reached XP level 4. HP: 19/42 MP: 4/4
  2044 | D:3      | Reached XP level 5. HP: 29/49 MP: 5/5
  2108 | D:3      | Noticed an ogre
  2116 | D:3      | Killed an ogre
  2116 | D:3      | Reached skill level 4 in Axes
  2543 | D:3      | Noticed Terence
  2553 | D:3      | Killed Terence
  2810 | D:4      | Found a blossoming altar of Fedhas.
  2842 | D:4      | Reached XP level 6. HP: 37/57 MP: 6/6
  3037 | D:4      | Reached skill level 5 in Axes
  3390 | D:4      | Reached XP level 7. HP: 21/64 MP: 6/6
  3446 | D:4      | Found a blossoming altar of Fedhas.
  3503 | D:4      | Noticed Eustachio
  3559 | D:4      | Killed Eustachio
  3559 | D:4      | Reached skill level 6 in Axes
  3559 | D:4      | Reached skill level 5 in Armour
  3693 | D:5      | Entered Level 5 of the Dungeon
  3706 | D:5      | Noticed Pikel
  3777 | D:5      | Killed Pikel
  3777 | D:5      | Reached skill level 7 in Axes
  3777 | D:5      | Reached XP level 8. HP: 45/73 MP: 6/6
  4300 | D:5      | Reached skill level 5 in Fighting
  4567 | D:5      | Reached skill level 8 in Axes
  4851 | D:5      | Found a staircase to the Ecumenical Temple.
  4856 | Temple   | Entered the Ecumenical Temple
  4867 | Temple   | Became a worshipper of Makhleb the Destroyer
  5445 | D:6      | Reached skill level 1 in Invocations
  5927 | D:7      | Found Schoicyil's Antique Armour Emporium.
  5970 | D:7      | Found a shadowy altar of Dithmenos.
  5985 | D:7      | Gained mutation: You passively map the area around you. [level up]
  5985 | D:7      | Reached XP level 9. HP: 43/81 MP: 7/7
  6018 | D:7      | Found Saitaenk's Jewellery Shop.
  6041 | D:7      | Found Brorchee's Armour Shop.
  6128 | D:7      | Found Jueqinat's Weapon Emporium.
  6134 | D:7      | Found Visuth's Magic Scroll Emporium.
  6158 | D:7      | Acquired Makhleb's first power
  6969 | D:8      | Reached skill level 9 in Axes
  7002 | D:8      | Acquired Makhleb's second power
  7061 | D:8      | Noticed gw's ghost (experienced DDFi)
  7556 | D:8      | Noticed Dowan
  7556 | D:8      | Reached skill level 5 in Throwing
  7572 | D:8      | Killed Dowan
  7621 | D:8      | Noticed Duvessa
  7637 | D:8      | Slain by Duvessa

Action                   |  1- 3 |  4- 6 |  7- 9 || total
-------------------------+-------+-------+-------++-------
Melee: War axe           |    82 |   191 |   423 ||   696
Throw: Javelin           |    30 |       |       ||    30
       Stone             |    70 |   116 |    26 ||   212
       Tomahawk          |       |    21 |    93 ||   114
Invok: Minor Destruction |       |       |    21 ||    21
 Abil: Device Recharging |       |     1 |     5 ||     6
Evoke: Wand              |     1 |     4 |    25 ||    30
  Use: Potion            |     2 |     2 |     7 ||    11
       Scroll            |     2 |     2 |     8 ||    12
  Eat: Chunk             |     2 |     6 |    12 ||    20
       Bread ration      |       |       |     1 ||     1

Vault maps used:
D:1:      minmay_arrival_up_and_down
D:2:      hangedman_decor_growths, serial_park_tiny_2
D:3:      uniq_terence
D:4:      kennysheep_mini_moat, serial_undead, serial_undead_f, serial_undead_a,
          serial_undead_d, serial_undead_e, first_bread, fedhas_altar_2,
          uniq_eustachio
D:5:      minmay_temple_entry_nine_rooms, uniq_pikel
D:7:      serial_shops, shop_coins, shop, nicolae_shop_trees, shop, shop,
          lemuel_tele_altar
D:8:      blue_anna_alchemist, uniq_duvessa
Temple:   lightli_temple_of_artemis
